 Dungeon Crawl Stone Soup version 0.29.1-2-gbd0b4ee654 (webtiles) character file.

Game seed: 9445253311995210245

38 RUZZLEFAZAZZLE the Shield-Bearer (level 3, 0/35 HPs)
             Began as a Gnoll Fighter on Nov 27, 2022.
             Slain by a gnoll
             ... wielding a +2 halberd of pain
              (1 damage)
             ... on level 2 of the Dungeon.
             The game lasted 00:01:01 (916 turns).

RUZZLEFAZAZZLE the Shield-Bearer (Gnoll Fighter)     Turns: 916, Time: 00:01:02

Health: 0/35       AC: 10    Str: 15 (17) XL:     3   Next: 43%
Magic:  4/4        EV:  9    Int:  6 (7)  God:
Gold:   87         SH:  5    Dex: 10 (11) Spells: 3/3 levels left

rFire   x . .      SeeInvis .   a - +0 war axe
rCold   + . .      Faith    .   c - +0 buckler
rNeg    . . .      Spirit   .   b - +0 scale mail
rPois   .          Reflect  .   (no helmet)
rElec   .          Harm     .   h - +0 cloak
rCorr   .          Rampage  .   i - +0 pair of gloves
Will    .....                   (no boots)
Stlth   ..........              (no amulet)
HPRegen 0.11/turn               f - ring of ice
MPRegen 0.09/turn               (no ring)

@: no status effects
A: fangs 1, strong nose, distributed training
a: no special abilities


You were on level 2 of the Dungeon.
You visited 1 branch of the dungeon, and saw 2 of its levels.

You collected 87 gold pieces.

Inventory:

Hand Weapons
 a - a +0 war axe (weapon)
Armour
 b - a +0 scale mail (worn)
 c - a +0 buckler (worn)
 h - a +0 cloak (worn)
 i - a +0 pair of gloves (worn)
Jewellery
 f - a ring of ice (left hand)
Scrolls
 e - a scroll of identify {unknown}
 g - a scroll of teleportation {unknown}
 j - a scroll of enchant armour {unknown}
Potions
 d - a potion of might
 l - a potion of degeneration


   Skills:
 + Level 6.5 Fighting
 + Level 0.8 Short Blades
 + Level 0.8 Long Blades
 + Level 4.5 Axes
 + Level 0.8 Maces & Flails
 + Level 0.8 Polearms
 + Level 0.8 Staves
 + Level 0.8 Ranged Weapons
 + Level 0.8 Throwing
 + Level 6.5 Armour
 + Level 0.8 Dodging
 + Level 0.8 Stealth
 + Level 6.5 Shields
 + Level 0.8 Unarmed Combat
 + Level 0.8 Spellcasting
 + Level 0.5 Conjurations
 + Level 0.5 Hexes
 + Level 0.5 Summonings
 + Level 0.5 Necromancy
 + Level 0.5 Translocations
 + Level 0.5 Transmutations
 + Level 0.5 Fire Magic
 + Level 0.5 Ice Magic
 + Level 0.5 Air Magic
 + Level 0.5 Earth Magic
 + Level 0.5 Poison Magic
 + Level 1.0 Invocations
 + Level 0.8 Evocations


You had 3 spell levels left.
You didn't know any spells.
Your spell library was empty.

Dungeon Overview and Level Annotations

Branches:
Dungeon (2/15)

Altars:


Innate Abilities, Weirdness & Mutations

You have very sharp teeth.
Your uncanny sense of smell can sniff out nearby items.
Your experience applies equally to all skills.


Message History

You slash the goblin!
You kill the goblin!
You now have 87 gold pieces (gained 6).
l - 2 lumpy clear potions No target in view!
You open the door.
There is an open door here.
You open the door.
There is an open door here.
You open the door. 4 gnolls come into view.
A gnoll is wielding a +2 halberd of pain.
The gnoll shouts! x4
You block the gnoll's attack.
There is an open door here.
There are monsters nearby!
You completely miss the gnoll. The gnoll barely misses you.
The gnoll hits you with a +0 halberd.
There are monsters nearby!
You closely miss the gnoll. You hit the gnoll. You block the gnoll's attack.
The gnoll hits you but does no damage.
You writhe in agony.
You block the gnoll's attack. The gnoll hits you with a +0 halberd.
The gnoll hits you with a +0 flail. The gnoll hits you with a +0 halberd!
The gnoll hits you from afar with a +2 halberd of pain!
* * * LOW HITPOINT WARNING * * *
The gnoll hits you from afar with a +0 spear.
* * * LOW HITPOINT WARNING * * *
It was a potion of curing.
You feel better.
The gnoll hits you from afar with a +2 halberd of pain.
* * * LOW HITPOINT WARNING * * *
The gnoll hits you with a +0 flail.
* * * LOW HITPOINT WARNING * * *
The gnoll hits you but does no damage.
The gnoll hits you from afar with a +0 spear.
* * * LOW HITPOINT WARNING * * *
It was a potion of degeneration.
There was something very wrong with that liquid.
You feel weakened.
You feel dopey.
You feel clumsy.
The gnoll hits you from afar with a +2 halberd of pain.
You die...

#####......#
#.# #.....
######## #.#
###### #.#
#.# #.#
####### #.#
....... #.#
.......
#.##.g.....
#..@g......
####gg.....
....###
###.# .. #.


You could see 4 gnolls.

Vanquished Creatures
  A worm (D:2)
  A dart slug (D:1)
  2 bats (D:1)
  4 endoplasms (D:1)
  A goblin (D:2)
  5 hobgoblins
  2 quokkas (D:1)
  2 ball pythons
  2 frilled lizards
  6 kobolds (D:1)
  5 rats
31 creatures vanquished.

Notes
Turn   | Place    | Note
-------+----------+-------------------------------------------
     0 | D:1      | RUZZLEFAZAZZLE the Gnoll Fighter began the quest for the
                  | Orb.
     0 | D:1      | Reached XP level 1. HP: 23/23 MP: 1/1
   229 | D:1      | Reached XP level 2. HP: 25/29 MP: 2/2
   557 | D:1      | Reached XP level 3. HP: 34/35 MP: 3/3
   769 | D:2      | Reached skill level 1 in Invocations
   915 | D:2      | HP: 1/35 [gnoll/+0 spear (1)]
   916 | D:2      | Slain by a gnoll

Illustrated notes

Levels and vault maps discovered:
D:1:      sevenhm_arrival_forest_fort_small_3, layout_loops_ring
D:2:      layout_basic, nicolae_concentric_dashed_squares_wild,
          kennysheep_potato, uniq_natasha

Skill      XL: |  1  2  3 |
---------------+----------+-----
Invocations    | 1 |  1.0
Fighting       | |  6.5
Short Blades   | |  0.8
Long Blades    | |  0.8
Axes           | |  4.5
Maces & Flails | |  0.8
Polearms       | |  0.8
Staves         | |  0.8
Ranged Weapons | |  0.8
Throwing       | |  0.8
Armour         | |  6.5
Dodging        | |  0.8
Stealth        | |  0.8
Shields        | |  6.5
Unarmed Combat | |  0.8
Spellcasting   | |  0.8
Conjurations   | |  0.5
Hexes          | |  0.5
Summonings     | |  0.5
Necromancy     | |  0.5
Translocations | |  0.5
Transmutations | |  0.5
Fire Magic     | |  0.5
Ice Magic      | |  0.5
Air Magic      | |  0.5
Earth Magic    | |  0.5
Poison Magic   | |  0.5
Evocations     | |  0.8

Action                   || total
-------------------------++-------
Melee: War axe           ||    65
       Bite              ||     4
  Use: Potion            ||     2
Armor: Scale mail        ||    24
Dodge: Dodged            ||    38
Block: Buckler           ||    14
